 Dungeon Crawl Stone Soup version 0.29.1-15-g9cfb28693d (webtiles) character file.

Game seed: 12399941638247512646

510 Heoruswealwe the Magician (level 6, 0/32 HPs)
             Began as a Deep Elf Earth Elementalist on Apr 12, 2023.
             Slain by a black bear (1 damage)
             ... created by the rage of Trog
             ... on level 4 of the Dungeon.
             The game lasted 00:36:51 (4132 turns).

Heoruswealwe the Magician (DEEE)                    Turns: 4132, Time: 00:36:51

Health: 0/32       AC:  2    Str:  5    XL:     6   Next: 98%
Magic:  18/18      EV: 12    Int: 22    God:
Gold:   81         SH:  0    Dex: 15    Spells: 9/19 levels left

rFire   . . .      SeeInvis .   a - staff of earth
rCold   . . .      Faith    .   (no shield)
rNeg    . . .      Spirit   .   c - +0 robe
rPois   .          Reflect  .   (no helmet)
rElec   .          Harm     .   (no cloak)
rCorr   .          Rampage  .   (no gloves)
Will    .....                   (no boots)
Stlth   ++........              i - amulet of regeneration
HPRegen 0.90/turn               (no ring)
MPRegen 0.16/turn               (no ring)

@: no status effects
A: no striking features
a: no special abilities


You were on level 4 of the Dungeon.
You visited 1 branch of the dungeon, and saw 4 of its levels.

You collected 81 gold pieces.

Inventory:

Hand Weapons
 b - the +7 short sword "Awetoni" {venom, rC++}
   (You found it on level 4 of the Dungeon)

   It poisons the flesh of those it strikes.
   rC:        It greatly protects you from cold.
Armour
 c - a +0 robe (worn)
Magical Staves
 a - a staff of earth (weapon)
Jewellery
 i - an amulet of regeneration (around neck)
Wands
 o - a wand of charming (5)
 v - a wand of polymorph (7)
Scrolls
 f - a scroll of vulnerability {unknown}
 g - a scroll of poison {unknown}
 s - 2 scrolls of teleportation {unknown}
 t - a scroll of identify {unknown}
 u - 2 scrolls of noise {unknown}
 w - a scroll of enchant weapon {unknown}
 y - a scroll of silence {unknown}
Potions
 h - 3 potions of brilliance {unknown}
 j - a potion of flight {unknown}
 k - a potion of lignification {unknown}
 l - 3 potions of might {unknown}
 m - a potion of mutation {unknown}
 n - a potion of curing {unknown}
 p - 2 potions of attraction {unknown}
 q - 2 potions of degeneration {unknown}
 r - a potion of heal wounds {unknown}
 x - a potion of invisibility {unknown}
 z - a potion of magic


   Skills:
 - Level 2.4 Dodging
 - Level 2.4 Stealth
 + Level 7.4 Spellcasting
 - Level 1.1 Transmutations
 + Level 6.6 Earth Magic


You had 9 spell levels left.
You knew the following spells:

 Your Spells              Type           Power      Damage    Failure   Level
a - Sandblast             Erth           100%       2d20      1%          1
b - Stone Arrow           Conj/Erth      68%        3d11      6%          3
c - Petrify               Tmut/Erth      37%        N/A       16%         4
z - Passwall              Tmut/Erth      30%        N/A       2%          2

Your spell library contained the following spells:

 Spells                   Type           Power      Damage    Failure   Level
 Beastly Appendage        Tmut           26%        N/A       4%          1
 Freeze                   Ice            32%        1d5       8%          1
 Wereblood                Tmut           13%        N/A       8%          2
 Spider Form              Tmut/Pois      10%        N/A       19%         3
 Frozen Ramparts          Ice            16%        1d3       24%         3
 Hailstorm                Conj/Ice       8%         3d4       61%         4


Dungeon Overview and Level Annotations

Branches:
Dungeon (4/15)
 Temple: D:4-7

Altars:
Okawaru
Trog


Message History

Found 2 poisoned darts and 2 fuming white potions.
You feel a surge of power!
The blast of sand misses the hound.
You feel a surge of power!
The blast of sand misses the hound.
The hound barely misses you. The hound closely misses you.
You feel a surge of power!
The blast of sand hits the hound!!
You kill the hound!
You see here 2 poisoned darts.
You see here a hound corpse.
h - 3 fuming white potions (gained 2)
Found a scroll labelled BEHYLALYRUE.
f - a scroll labelled BEHYLALYRUE You open the door.
A hound comes into view.
Found a scroll labelled LIUSIMIAHA.
Found a stone staircase leading up and a stone staircase leading down.
You can't see any susceptible monsters within range! (Use Z to cast anyway.)
There is an open door here.
You feel a surge of power!
The blast of sand hits the hound!!
You kill the hound!
u - 2 scrolls labelled LIUSIMIAHA (gained 1)
You open the door. Trog sends monsters to punish you.
A polar bear and 4 black bears come into view.
Okay, then.
As you read the scroll labelled RUMAIMUUFI, it crumbles to dust.
It is a scroll of amnesia.
Really abort (and waste the scroll)?
Okay, then.
As you read the scroll labelled DAMOSAYZIUKK, it crumbles to dust.
You feel aware of your surroundings.
It was a scroll of magic mapping.
The polar bear bites you!!
Ouch! That really hurt!
* * * LOW HITPOINT WARNING * * *
The polar bear claws you.
* * * LOW HITPOINT WARNING * * *
The polar bear claws you but does no damage.
The black bear completely misses you. The black bear claws you.
* * * LOW HITPOINT WARNING * * *
The black bear claws you.
You die...

,,,,,,,*,,,*,*#.#
#......#
************,*#.#
######.#
,,,,,,,,,,,,,*#.#
#.#
**************#.#
#.# #.# #.# #.*
#.# #h* #.#
#h########.##
#h@hh.......#
#############


You could see a polar bear (berserk) and 4 black bears.

Vanquished Creatures
  A black bear (D:4)
  An ice beast (D:4)
  A scorpion (D:4)
  2 hounds (D:4)
  Terence (D:3)
  2 adders
  7 gnolls (D:4)
  2 worms
  2 dart slugs (D:3)
  6 orcs
  6 endoplasms
  2 giant cockroaches
  4 goblins
  5 hobgoblins
  7 jackals
  5 quokkas
  6 ball pythons
  4 bats
  5 frilled lizards
  6 kobolds
  8 rats
  25 bushes (D:1)
108 creatures vanquished.

Vanquished Creatures (others)
  10 plants (D:1)
10 creatures vanquished.

Grand Total: 118 creatures vanquished

Notes
Turn   | Place    | Note
-------+----------+-------------------------------------------
     0 | D:1      | Heoruswealwe the Deep Elf Earth Elementalist began the
                  | quest for the Orb.
     0 | D:1      | Reached XP level 1. HP: 10/10 MP: 6/6
    76 | D:1      | Reached XP level 2. HP: 15/15 MP: 0/8
  1945 | D:1      | Reached skill level 4 in Spellcasting
  2064 | D:1      | Learned a level 2 spell: Passwall
  2153 | D:2      | Reached XP level 3. HP: 19/19 MP: 8/10
  2157 | D:2      | Learned a level 3 spell: Stone Arrow
  2226 | D:2      | Noticed a golden eye
  2230 | D:2      | Found a faded altar of an unknown god.
  2232 | D:2      | Noticed an eye of devastation
  2232 | D:2      | Noticed a floating eye
  2232 | D:2      | Noticed a floating eye
  2491 | D:2      | Prayed at the altar of an unknown god.
  2491 | D:2      | Became a worshipper of Trog the Wrathful
  2491 | D:2      | Reached * piety under Trog
  2492 | D:2      | Fell from the grace of Trog
  2578 | D:2      | Found an iron altar of Okawaru.
  3096 | D:3      | Reached XP level 4. HP: 24/24 MP: 9/12
  3101 | D:3      | Learned a level 4 spell: Petrify
  3226 | D:3      | Noticed Terence
  3232 | D:3      | Killed Terence
  3233 | D:3      | Reached skill level 5 in Spellcasting
  3679 | D:4      | Noticed an ice beast
  3682 | D:4      | Killed an ice beast
  3683 | D:4      | Reached skill level 6 in Spellcasting
  3683 | D:4      | Reached skill level 5 in Earth Magic
  3683 | D:4      | Reached XP level 5. HP: 12/28 MP: 10/15
  3710 | D:4      | Reached XP level 6. HP: 32/32 MP: 7/17
  3781 | D:4      | Identified the +7 short sword "Awetoni" {venom, rC++}
  3811 | D:4      | Reached skill level 7 in Spellcasting
  4131 | D:4      | Noticed a polar bear
  4132 | D:4      | HP: 1/32 [black bear[the rage of Trog] (6)]
  4132 | D:4      | Slain by a black bear

Illustrated notes

Levels and vault maps discovered:
D:1:      spicycebolla_green_bress_n_ham_2, layout_basic, serial_forest,
          infiniplex_forest_lined_corner, infiniplex_forest_end_1,
          infiniplex_forest_straight_1, infiniplex_forest_clump_tiny,
          infiniplex_forest_join, infiniplex_forest_clump_medium,
          minmay_heptomino_l4
D:2:      layout_loops_corners, hellmonk_ecumenical_altar_watching_god,
          basic_altar, kennysheep_generic_room_13
D:3:      layout_loops_ring, uniq_terence
D:4:      layout_basic, minmay_ruptured, uniq_menkaure, uniq_pikel

Skill      XL: |  1  2  3  4  5  6 |
---------------+-------------------+-----
Spellcasting   | 4 6 7 |  7.4
Earth Magic    | 4 5 6 |  6.6
Dodging        | |  2.4
Stealth        | |  2.4
Transmutations | |  1.1

Action                   |  1- 3 |  4- 6 || total
-------------------------+-------+-------++-------
Melee: Dagger            |  1232 |       ||  1232
       Punch             |    26 |       ||    26
       Unarmed           |     7 |       ||     7
 Cast: Sandblast         |    61 |    47 ||   108
       Passwall          |     2 |       ||     2
Invok: Renounce Religion |     1 |       ||     1
  Use: Scroll            |       |     2 ||     2
Armor: Robe              |     2 |     2 ||     4
Dodge: Dodged            |    16 |    10 ||    26
